Map: [ESL] Hecate

Players

ByuN

  • Race: Terran Terran
  • Spawn Location: 7:00

DRG - Winner!

  • Race: Zerg Zerg
  • Spawn Location: 1:00

VOD

Have the link to the VOD?

Description

Time

  • Played on: Dec. 6, 2023, 5:52 a.m.
  • Length: 11:00
Show
View Real Time Build Order
Export as new Build Order

ByuN Terran 

Build Orders:  

Get SALT Encoding   

  12  0:00  SCV  
  13  0:12  SCV  
  14  0:17  Supply Depot  
  14  0:24  SCV  
  15  0:38  SCV  
  15  0:40  Barracks  
  16  0:43  Refinery  
  16  0:51  SCV  
  17  0:59  Barracks  
  17  1:03  SCV  
  18  1:15  SCV  
  19  1:27  Reaper  
  19  1:28  Orbital Command  
  20  1:34  Supply Depot  
  20  1:45  Reaper  
  21  1:53  SCV  
  22  2:02  Reaper  
  22  2:05  SCV  
  24  2:11  Command Center  
  24  2:16  Refinery  
  24  2:17  SCV  
  26  2:30  SCV  
  26  2:40  Factory  
  26  2:42  SCV  
  27  2:54  SCV  
  27  2:58  Command Center  
  28  2:59  Barracks Reactor  
  28  3:02  Barracks Tech Lab  
  28  3:06  SCV  
  29  3:18  SCV  
  30  3:23  Factory Reactor  
  30  3:25  SCV  
  31  3:30  Marine  
  31  3:31  SCV  
  31  3:33  Stimpack  
  33  3:38  Orbital Command  
  33  3:40  Starport  
  33  3:41  Marine  
  33  3:43  Marine  
  33  3:47  Marine  
  36  3:49  SCV  
  37  3:59  Hellion  
  37  4:00  Hellion  
  42  4:05  SCV x2  
  42  4:07  Marine x2  
  42  4:08  Marine  
  46  4:12  Orbital Command  
  46  4:18  Medivac  
  46  4:19  SCV x2  
  52  4:25  Hellion  
  52  4:26  Hellion  
  54  4:31  SCV  
  54  4:32  SCV  
  54  4:35  Armory  
  54  4:38  Marine x2  
  57  4:42  SCV  
  57  4:44  SCV x2  
  57  4:45  Supply Depot  
  61  4:52  Marine  
  64  4:53  Hellion, Medivac  
  64  4:54  SCV  
  64  4:57  SCV x2  
  69  5:00  Orbital Command  
  69  5:06  Marine x2  
  72  5:07  Supply Depot  
  72  5:10  Marine  
  74  5:14  Hellion x2  
  74  5:17  Engineering Bay  
  74  5:18  Engineering Bay  
  76  5:24  SCV  
  76  5:26  Combat Shield  
  77  5:29  SCV, Marine  
  77  5:30  Marine x2  
  77  5:32  Starport Reactor  
  81  5:35  SCV  
  81  5:36  SCV  
  81  5:42  SCV  
  84  5:45  Terran Infantry Weapons Level 1, Terran Infantry Armor Level 1  
  84  5:46  Factory Reactor  
  84  5:49  Refinery  
  84  5:50  Refinery  
  84  5:55  Supply Depot  
  84  5:58  Barracks  
  84  6:01  SCV  
  85  6:09  Marine  
  85  6:10  SCV  
  82  6:13  Marine  
  82  6:14  Marine  
  82  6:17  Medivac  
  78  6:19  Medivac  
  78  6:20  SCV x2  
  78  6:22  SCV  
  83  6:27  Marine  
  83  6:31  Barracks x2  
  83  6:32  SCV x2  
  85  6:34  SCV  
  85  6:35  Marine  
  89  6:40  Hellion x2  
  89  6:44  SCV x2  
  93  6:51  Barracks Reactor  
  93  6:57  Supply Depot  
  93  7:01  Supply Depot  
  93  7:02  Supply Depot  
  93  7:04  SCV x3, Marine x3, Widow Mine  
  101  7:10  Supply Depot  
  101  7:13  Terran Vehicle And Ship Armor Level 1  
  101  7:19  Barracks Reactor x2  
  101  7:21  SCV, Barracks x2  
  101  7:22  SCV, Marine x3  
  106  7:23  Barracks  
  106  7:26  Widow Mine x2  
  108  7:36  Marine x2  
  92  7:39  Marine x3  
  92  7:40  SCV x3  
  92  7:43  Medivac x2  
  100  7:47  Widow Mine x2  
  100  7:50  Command Center  
  104  7:54  Marine x2  
  104  7:57  Marine x2  
  104  7:58  Supply Depot  
  108  7:59  Supply Depot, SCV x2  
  108  8:00  Marine x3  
  108  8:01  Marine  
  108  8:02  Marine  
  115  8:06  SCV, Factory  
  115  8:10  Barracks Reactor  
  115  8:11  Barracks Reactor x2  
  116  8:13  Terran Infantry Weapons Level 2  
  116  8:18  Terran Infantry Armor Level 2  
  116  8:22  Marine x2  
  116  8:23  Marine x3  
  116  8:24  Marine  
  116  8:26  Marine  
  113  8:27  Marine x2  
  115  8:40  Marine x3  
  115  8:41  Marine x2  
  119  8:42  Marine  
  119  8:43  Widow Mine  
  119  8:44  Marine, Widow Mine, Medivac x2  
  130  8:48  Marine x2  
  130  8:49  Marine x2  
  130  8:51  Marine  
  130  8:52  Marine x3  
  138  8:58  Marine x3  
  138  8:59  Marine  
  138  9:02  Marine x3  
  139  9:06  Marine  
  139  9:07  Widow Mine  
  139  9:08  Factory Tech Lab  
  144  9:10  Sensor Tower, Widow Mine  
  144  9:11  Marauder  
  146  9:21  Marine x2  
  146  9:22  Marine x2  
  146  9:23  Marine x9  
  155  9:24  Marine  
  155  9:27  Widow Mine  
  158  9:34  Widow Mine x2  
  162  9:39  SCV  
  162  9:40  SCV  
  162  9:44  SCV  
  162  9:45  Supply Depot  
  165  9:46  Supply Depot  
  165  9:47  Supply Depot, Marine  
  165  9:48  Marine x3, Widow Mine  
  165  9:49  Marine  
  172  10:04  Orbital Command  
  172  10:06  Marine x8  
  180  10:07  Marine  
  180  10:12  Orbital Command  
  180  10:13  Medivac x2  
  185  10:17  Marine  
  176  10:22  Marine x3  
  176  10:23  Marine  
  176  10:25  Marine x2  
  176  10:26  Marine  
  176  10:27  SCV x2  
  164  10:29  Marine  
  164  10:32  SCV  
  164  10:34  Marine  
  150  10:36  Factory Tech Lab  
  150  10:39  SCV x3  
  150  10:41  Marine  
  150  10:42  Marine  
  140  10:44  SCV  
Show
View Real Time Build Order
Export as new Build Order

DRG Zerg - Winner!

Build Orders: Hatch First 

Get SALT Encoding   

  12  0:00  Drone  
  13  0:11  Overlord  
  13  0:16  Drone  
  14  0:30  Drone x2  
  16  0:48  Hatchery  
  15  0:51  Drone  
  15  0:54  Drone  
  17  0:57  Drone  
  18  1:08  Extractor  
  17  1:12  Spawning Pool  
  17  1:16  Drone  
  17  1:19  Drone  
  18  1:27  Drone  
  19  1:38  Drone  
  20  1:48  Drone  
  21  1:59  Queen x2  
  21  2:00  Zergling x4  
  27  2:09  Overlord  
  27  2:11  Zergling x2  
  27  2:12  Metabolic Boost  
  28  2:29  Zergling x4  
  30  2:35  Queen x2  
  34  2:40  Overlord  
  34  2:42  Drone  
  34  2:43  Drone  
  36  2:45  Overlord  
  36  3:00  Drone  
  36  3:01  Drone  
  36  3:04  Drone  
  36  3:05  Drone  
  40  3:09  Drone x3  
  40  3:10  Drone x3  
  46  3:17  Overlord  
  46  3:21  Drone  
  45  3:27  Drone  
  45  3:32  Hatchery  
  45  3:33  Zergling x2  
  45  3:38  Drone  
  45  3:40  Queen  
  48  3:43  Zergling x4  
  48  3:45  Drone  
  51  3:48  Drone  
  51  3:49  Drone x2  
  51  3:51  Drone  
  54  3:57  Drone x2  
  56  4:03  Overlord  
  56  4:07  Extractor  
  56  4:08  Evolution Chamber  
  54  4:11  Drone  
  54  4:13  Drone x3  
  54  4:15  Baneling Nest  
  54  4:16  Extractor  
  54  4:17  Queen  
  57  4:21  Drone  
  57  4:23  Queen  
  62  4:30  Drone  
  62  4:31  Drone x2  
  65  4:33  Drone  
  66  4:38  Drone x2  
  66  4:44  Overlord  
  68  4:47  Overlord  
  68  4:50  Overlord  
  68  4:51  Overlord  
  68  4:57  Overlord  
  68  4:59  Overlord  
  68  5:02  Queen x2  
  68  5:04  Drone x2  
  74  5:07  Drone x2  
  74  5:08  Drone x2  
  74  5:12  Lair  
  74  5:13  Zergling x2  
  79  5:16  Baneling x7  
  79  5:18  Zergling x4  
  81  5:24  Zergling x2, Evolution Chamber  
  81  5:26  Evolution Chamber  
  80  5:28  Zergling x6  
  80  5:32  Zergling x4  
  80  5:33  Zergling x4  
  87  5:38  Drone x4  
  90  5:43  Drone x2  
  90  5:48  Drone  
  93  5:51  Zerg Melee Weapons Level 1, Zerg Ground Armor Level 1  
  93  5:53  Drone x4  
  93  5:56  Overlord  
  97  5:58  Drone x3  
  98  6:04  Zergling x4  
  96  6:13  Zergling x10  
  96  6:15  Zergling x2  
  100  6:19  Zergling x6  
  100  6:23  Hatchery, Extractor x2  
  100  6:25  Zergling x10  
  105  6:28  Zergling x2  
  105  6:31  Zergling x2  
  105  6:33  Overlord  
  105  6:35  Baneling x5  
  105  6:36  Baneling x4  
  105  6:39  Zergling x2  
  106  6:43  Hydralisk Den  
  106  6:47  Zergling x10  
  110  6:51  Zergling x8  
  114  6:54  Drone  
  114  6:58  Spore Crawler, Zergling x2  
  114  6:59  Zergling x6  
  114  7:00  Hatchery  
  117  7:04  Zergling x4  
  117  7:06  Baneling x6  
  119  7:08  Overlord  
  119  7:10  Zergling x2  
  119  7:11  Centrifugal Hooks  
  119  7:13  Grooved Spines  
  119  7:16  Baneling x6  
  119  7:20  Zergling x8  
  117  7:32  Zergling x8  
  117  7:36  Queen  
  107  7:40  Drone x3  
  112  7:44  Drone x7  
  112  7:46  Baneling x5  
  112  7:49  Zerg Melee Weapons Level 2, Zerg Ground Armor Level 2  
  119  7:54  Baneling x7  
  119  7:55  Drone  
  119  7:58  Drone x3  
  123  8:02  Zergling x8  
  123  8:03  Muscular Augments  
  127  8:05  Zergling x4  
  127  8:06  Zergling x2  
  127  8:07  Baneling x3  
  127  8:10  Overlord  
  127  8:11  Overlord  
  130  8:15  Spore Crawler  
  128  8:20  Drone x3  
  128  8:21  Drone, Zergling x10  
  135  8:28  Zergling x10  
  139  8:36  Overseer, Pneumatized Carapace  
  139  8:38  Hydralisk x2  
  139  8:39  Baneling  
  139  8:40  Baneling x7, Overseer  
  143  8:42  Hydralisk x2  
  143  8:47  Extractor  
  146  8:48  Zergling x4  
  146  8:49  Spore Crawler, Zergling x6  
  146  8:52  Overlord  
  151  8:55  Zergling x10  
  151  8:59  Zergling x6  
  151  9:01  Drone  
  159  9:02  Overseer  
  159  9:05  Extractor x2  
  159  9:06  Zergling x2  
  159  9:07  Baneling x9  
  159  9:08  Baneling  
  158  9:10  Overlord  
  158  9:13  Drone x3  
  158  9:16  Drone x3  
  164  9:17  Drone x3  
  164  9:20  Zergling x4  
  160  9:24  Zergling x2  
  160  9:27  Infestation Pit  
  160  9:28  Overlord x3  
  160  9:29  Hydralisk x3  
  166  9:36  Drone x2  
  166  9:37  Drone x5  
  173  9:40  Drone x2  
  173  9:41  Hydralisk x3  
  181  9:50  Baneling x8  
  181  9:53  Zergling x2  
  181  9:54  Zergling x6  
  181  9:56  Zergling x6  
  181  9:59  Baneling x5  
  188  10:03  Hatchery  
  188  10:04  Zergling x12  
  193  10:13  Zergling x12  
  198  10:19  Zergling x12  
  199  10:23  Zergling x8  
  195  10:29  Zergling x10  
  195  10:33  Hydralisk x2  
  197  10:36  Zergling x10  
Tags
 
Matchup
TvZ
Player
ByuNDRG
Replay Pack
December 2023
Spawn Locations
Cross Positions
Add a new tag
Caveats
  • Supply blocks, unpowered buildings, or Contaminate may cause inaccurate times.
  • Supply counts are checked every 10 seconds.